 Dungeon Crawl Stone Soup version 0.26.0-15-gc6cd9f7 (webtiles) character file.

Game seed: 10389710290972702750

959 Ubbricas the Cruncher (level 7, -8/51 HPs)
             Began as a Demonspawn Gladiator on Jan 21, 2021.
             Was a Follower of Uskayaw.
             Killed by divine providence
             ... invoked by an orc priest
              (13 damage)
             ... on level 5 of the Dungeon.
             The game lasted 00:07:19 (3670 turns).

Ubbricas the Cruncher (Demonspawn Gladiator)        Turns: 3670, Time: 00:07:19

Health: -8/51      AC: 18    Str: 21    XL:     7   Next: 92%
Magic:  8/8        EV: 11    Int:  9    God:    Uskayaw [*.....]
Gold:   142        SH:  0    Dex: 14    Spells: 6/6 levels left

rFire    . . .     SeeInvis .   u - +5 trident
rCold    . . .     Faith    .   (no shield)
rNeg     . . .     Spirit   .   B - +3 scale mail "Binol" {Str+4}
rPois    .         Reflect  .   c - +0 helmet
rElec    .         Harm     .   (no cloak)
rCorr    .         Rampage  .   x - +0 pair of gloves
Will     .....                  n - +0 pair of boots
Stlth    ..........             l - amulet of regeneration
HPRegen  0.57/turn              r - +4 ring of protection
MPRegen  0.11/turn              (no ring)

@: no status effects
A: talons 2, slimy green scales 1
a: Renounce Religion, Stomp


You were on level 5 of the Dungeon.
You worshipped Uskayaw.
Uskayaw was noncommittal.
You visited 2 branches of the dungeon, and saw 6 of its levels.
You also visited: Sewer.

You collected 331 gold pieces.
You spent 189 gold pieces at shops.

Inventory:

Hand Weapons
 a - a +0 quarterstaff
 u - a +5 trident (weapon)
Missiles
 d - 3 throwing nets (quivered)
 g - 36 poisoned darts
 q - 12 boomerangs
Armour
 c - a +0 helmet (worn)
 n - a +0 pair of boots (worn)
 x - a +0 pair of gloves (worn)
 B - the +3 scale mail "Binol" (worn) {Str+4}
   (You bought it in a shop on level 4 of the Dungeon)

   It affects your strength (+4).
Jewellery
 l - an amulet of regeneration (around neck)
 r - a +4 ring of protection (left hand)
Scrolls
 b - 3 scrolls of fear {unknown}
 e - 6 scrolls of teleportation
 h - 2 scrolls of enchant weapon {unknown}
 i - 5 scrolls of identify
 t - a scroll of fog {unknown}
 v - 2 scrolls of noise {unknown}
 y - a scroll of remove curse
 z - a scroll of magic mapping {unknown}
Potions
 f - 4 potions of brilliance {unknown}
 j - a potion of attraction {unknown}
 k - 5 potions of flight
 o - a potion of mutation {unknown}
 p - 5 potions of curing {unknown}
 s - 2 potions of heal wounds {unknown}
 w - a potion of ambrosia {unknown}
 A - a potion of might {unknown}


   Skills:
 + Level 2.5 Fighting
 * Level 8.5 Staves
 - Level 1.7 Throwing
 - Level 2.6 Dodging
 + Level 1.8 Invocations


You had 6 spell levels left.
You didn't know any spells.
Your spell library contained the following spells:

 Spells                   Type           Power        Failure   Level
 Ice Form                 Ice/Tmut       0%           100%        4
 Metabolic Englaciation   Hex/Ice        0%           100%        5
 Freezing Cloud           Conj/Ice/Air   0%           100%        6
 Ozocubu's Refrigeration  Ice            0%           100%        6
 Simulacrum               Ice/Necr       0%           100%        6


Dungeon Overview and Level Annotations

Branches:
Dungeon (5/15)             Temple (1/1) D:4           Sewer (visited)

Altars:
Cheibriados
Dithmenos
Fedhas
Gozag
Hepliaklqana
Kikubaaqudgha
Makhleb
Nemelex Xobeh
Qazlal
Ru
Sif Muna
Trog
Uskayaw
Wu Jian
Yredelemnul
The Shining One

Shops:
D:4 [


Innate Abilities, Weirdness & Mutations

You have razor-sharp toenails.
You are partially covered in slimy green scales. (AC +2)


Message History

The orc warrior is heavily wounded.
The orc warrior misses you.
You barely miss the orc warrior.
The orc warrior is heavily wounded.
The orc warrior hits you with a +0 scimitar!
The orc priest mumbles some strange prayers to Beogh against you.
Beogh smites you!
* * * LOW HITPOINT WARNING * * *
You hit the orc warrior but do no damage.
The orc warrior is heavily wounded.
The orc warrior hits you with a +0 scimitar.
* * * LOW HITPOINT WARNING * * *
You hit the orc warrior.
The orc warrior is severely wounded.
The orc warrior hits you but does no damage.
You barely miss the orc warrior.
The orc warrior is severely wounded.
The orc priest calls down the wrath of Beogh upon you.
Beogh smites you!
You die...

######).#
#.####....o..#
#.........o..#
#.###...#######
#.......oo..o.#
#.###...#####.#
# ##.## #.# #
#.# #o######.#
# #.#.#
#oo@..>..# #
#.#.#
########## #
#.#.# # #)#.# #
#.#.# # #.#.# #
#.#.# #####.#.#
........#


You could see an orc warrior, an orc priest and an orc.

Vanquished Creatures
  Grinder (Sewer)
  A sky beast (D:5)
  A necrophage (Sewer)
  A big kobold (Sewer)
  A wight (Sewer)
  A hound (D:4)
  A jelly (D:5)
  A bullfrog skeleton (D:5)
  A centaur skeleton (D:3)
  A big kobold zombie (Sewer)
  A worker ant zombie (D:5)
  Robin (D:2)
  6 gnolls
  5 adders
  A river rat (D:3)
  7 shadow imps
  An ufetubus (Sewer)
  An ooze (D:1)
  An adder zombie (Sewer)
  2 worms
  4 leopard geckos
  5 orcs
  3 ball pythons
  7 giant cockroaches
  14 goblins
  12 hobgoblins
  7 jackals
  27 kobolds
  2 quokkas (D:3)
  10 bats
  8 frilled lizards
  2 kobold zombies (Sewer)
  A leopard gecko zombie (D:5)
  6 rats
144 creatures vanquished.

Notes
Turn   | Place    | Note
-------+----------+-------------------------------------------
     0 | D:1      | Ubbricas the Demonspawn Gladiator began the quest for the
                  | Orb.
     0 | D:1      | Reached XP level 1. HP: 16/16 MP: 1/1
    59 | D:1      | Reached skill level 3 in Staves
    92 | D:1      | Gained mutation: You have sharp toenails. [demonic
                  | ancestry]
    92 | D:1      | Reached XP level 2. HP: 21/22 MP: 2/2
   521 | D:1      | Reached XP level 3. HP: 27/27 MP: 3/3
   625 | D:1      | Reached skill level 4 in Staves
   872 | D:2      | Noticed Robin
  1064 | D:2      | Killed Robin
  1200 | D:2      | Gained mutation: You are partially covered in slimy green
                  | scales. (AC +2) [demonic ancestry]
  1200 | D:2      | Reached XP level 4. HP: 31/33 MP: 4/4
  1330 | D:2      | Reached skill level 5 in Staves
  1745 | D:3      | Reached XP level 5. HP: 22/38 MP: 5/5
  1821 | D:3      | Found a glowing drain.
  1857 | Sewer    | Entered a sewer
  2011 | Sewer    | Reached skill level 6 in Staves
  2037 | Sewer    | Found an ancient bone altar of Kikubaaqudgha.
  2070 | Sewer    | Gained mutation: You have razor-sharp toenails. [demonic
                  | ancestry]
  2070 | Sewer    | Reached XP level 6. HP: 34/44 MP: 6/6
  2094 | Sewer    | Noticed Grinder
  2130 | Sewer    | Killed Grinder
  2131 | Sewer    | Reached skill level 7 in Staves
  2131 | Sewer    | Reached XP level 7. HP: 21/50 MP: 7/7
  2581 | D:3      | Reached skill level 8 in Staves
  2801 | D:3      | Found a sparkling altar of Nemelex Xobeh.
  2983 | D:4      | Found a staircase to the Ecumenical Temple.
  2995 | Temple   | Entered the Ecumenical Temple
  3088 | Temple   | Became a worshipper of Uskayaw the Reveller
  3224 | D:4      | Found Utuikoca's Antique Armour Shoppe.
  3233 | D:4      | Bought a faintly humming scale mail for 189 gold pieces
  3243 | D:4      | Identified the +3 scale mail "Binol" {Str+4} (You bought it
                  | in a shop on level 4 of the Dungeon)
  3439 | D:5      | Entered Level 5 of the Dungeon
  3451 | D:5      | Reached * piety under Uskayaw
  3453 | D:5      | Reached ** piety under Uskayaw
  3523 | D:5      | Reached skill level 1 in Invocations
  3670 | D:5      | Killed from afar by an orc priest

Illustrated notes

Levels and vault maps discovered:
D:1:      amcnicky_arrival_blooded_trapdoor, layout_rooms, minmay_tromino_v7
D:2:      layout_loops_ring, minmay_misc_feat_cross, uniq_robin
D:3:      layout_rooms, nemelex_altar_shiori, portal_sewer_entry_a
D:4:      layout_rooms, temple_pool_b, serial_shops, shop
D:5:      layout_loops_ring
Temple:   kilobyte_greek_temple

Skill      XL: |  1  2  3  4  5  6  7 |
---------------+----------------------+-----
Staves         | 3 4 5 6 7 8 |  8.5
Invocations    | 1 |  1.8
Fighting       | |  2.5
Throwing       | |  1.7
Dodging        | |  2.6

Action                   |  1- 3 |  4- 6 |  7- 9 || total
-------------------------+-------+-------+-------++-------
Melee: Quarterstaff      |   115 |   262 |    16 ||   393
       Kick              |    11 |       |       ||    11
       Trident           |       |       |   123 ||   123
  Use: Scroll            |       |       |     3 ||     3
 Stab: Sleeping          |       |     3 |       ||     3
Armor: Leather armour    |    17 |       |       ||    17
       Animal skin       |     3 |   141 |    26 ||   170
       Scale mail        |       |       |    24 ||    24
Dodge: Dodged            |    78 |   265 |    81 ||   424
